 Dungeon Crawl Stone Soup version 0.18.1-48-g4cf74bf (webtiles) character file.

223 Heedrag the Conjurer (level 5, -4/28 HPs)
             Began as a Deep Elf Conjurer on Aug 15, 2016.
             Was an Initiate of Vehumet.
             Slain by a scorpion (8 damage)
             ... on level 4 of the Dungeon.
             The game lasted 00:04:11 (2395 turns).

Heedrag the Conjurer (Deep Elf Conjurer)            Turns: 2395, Time: 00:04:12

Health: -4/28      AC:  4    Str: 11    XL:     5   Next: 66%
Magic:  0/14       EV: 13    Int: 20    God:    Vehumet [......]
Gold:   76         SH:  0    Dex: 15    Spells: 3 memorised, 4 levels left

rFire  . . .     SeeInvis .     h - +0 dagger
rCold  . . .     Gourm    .     a - +0 robe
rNeg   . . .     Faith    .     (no shield)
rPois  .         Spirit   .     (no helmet)
rElec  .         Dismiss  .     (no cloak)
rCorr  .         Reflect  .     x - +1 pair of gloves
SustAt .         Harm     +     (no boots)
MR     .....                    r - amulet of harm
Stlth  ++........               (no ring)
                                t - +5 ring of strength

@: lethally poisoned (-4 -> -13), not resistant to hostile enchantments,
unstealthy
A: no striking features
a: Renounce Religion


You were on level 4 of the Dungeon.
You worshipped Vehumet.
Vehumet was noncommittal.
You were not hungry.

You visited 1 branch of the dungeon, and saw 4 of its levels.

You collected 76 gold pieces.

Inventory:

Hand Weapons
 h - a +0 dagger (weapon)
Armour
 a - a +0 robe (worn)
 x - a +1 pair of gloves (worn)
Jewellery
 r - an amulet of harm (around neck)
 t - a +5 ring of strength (left hand)
Wands
 n - a wand of acid (3/15)
Scrolls
 e - 2 scrolls of random uselessness {unknown}
 g - 3 scrolls of identify {unknown}
 k - 3 scrolls of recharging {unknown}
 l - a scroll of immolation {unknown}
 o - a scroll of teleportation {unknown}
 p - a scroll of noise {unknown}
 w - a scroll of remove curse {unknown}
Potions
 d - a potion of curing {unknown}
 f - a potion of might {unknown}
 i - a potion of invisibility {unknown}
 j - 2 potions of haste {unknown}
 v - a potion of mutation {unknown}
 B - a potion of flight {unknown}
Books
 b - a book of Conjurations

   Spells                             Type                      Level
   a - Magic Dart                     Conjuration                  1
   b - Searing Ray                    Conjuration                  2
   c - Dazzling Spray                 Conjuration/Hexes            3
   d - Fulminant Prism                Conjuration/Hexes            4
   e - Iskenderun's Mystic Blast      Conjuration                  4
   f - Iskenderun's Battlesphere      Conjuration/Charms           5
Comestibles
 c - 2 bread rations
 m - a meat ration
 q - a royal jelly
 s - 2 fruits
 u - 2 slices of pizza
 z - a beef jerky
 A - 4 chunks of flesh


   Skills:
 - Level 2.4 Dodging
 - Level 2.4 Stealth
 + Level 5.2 Spellcasting
 * Level 6.6 Conjurations
 + Level 1.1 Charms


You had 4 spell levels left.
You knew the following spells:

 Your Spells              Type           Power        Failure   Level  Hunger
a - Magic Dart            Conj           ####         1%          1    None
b - Iskenderun's Mystic   Conj           ####....     10%         4    ####...
c - Iskenderun's Battles  Conj/Chrm      ###.....     71%         5    #####..


Dungeon Overview and Level Annotations

Branches:
Dungeon (4/15)
 Temple: D:4-7

Altars:
Dithmenos
Fedhas
Vehumet
Xom


Message History

Ye feel sick.
Tha scorpion barely misses ye.
Ye feel sick.
Castin': Magic Dart Confirm wit' . or Enter, or press ? or * ta list all spells.
Aimin': Magic Dart
Press: ? - help, Shift-Dir - straight line, f/p - scorpion
Aim: a scorpion (heavily wounded) Tha magic dart hits tha scorpion.
Tha scorpion be almost dead.
Tha scorpion stin's ye.
* * * LOW HITPOINT WARNIN'
* * * Ye hit tha scorpion but do nay damage.
Tha scorpion be almost dead.
* * * LOW HITPOINT WARNIN'
* * * Ye feel sick.
Tha scorpion closely misses ye.
Ye barely miss tha scorpion.
Tha scorpion be almost dead.
* * * LOW HITPOINT WARNIN'
* * * Ye feel sick.
Tha scorpion stin's ye!
Ye die...

###############...........#
#..................###.....
.#####.#######....# #...##
#.# ###### #...# #.# #...#
#.# ##### ##.##
####..รท######
#......_..@s..#
######...####.# ##.## .#
#.# .. #.# ... #.# .... #.#
..... ......


You could see a scorpion.

Vanquished Creatures
  A water moccasin skeleton (D:4)
  A hound (D:4)
  An orc wizard (D:4)
  A worker ant (D:4)
  2 adders (D:2)
  An ooze (D:4)
  2 worms (D:2)
  3 dart slugs
  4 giant geckos
  6 orcs
  A ball python (D:1)
  4 giant cockroaches
  5 goblins
  4 hobgoblins
  5 kobolds
  2 quokkas
  3 bats
  4 rats
50 creatures vanquished.

Notes
Turn   | Place    | Note
--------------------------------------------------------------
     0 | D:1      | Heedrag the Deep Elf Conjurer began the quest for the Orb.
     0 | D:1      | Reached XP level 1. HP: 10/10 MP: 6/6
    86 | D:1      | Reached XP level 2. HP: 9/15 MP: 0/8
   592 | D:2      | Reached skill level 5 in Conjurations
   650 | D:2      | Reached XP level 3. HP: 19/19 MP: 0/10
   855 | D:2      | Found a shadowy altar of Dithmenos.
   860 | D:2      | Found a shimmering altar of Xom.
   860 | D:2      | Found a radiant altar of Vehumet.
   870 | D:2      | Became a worshipper of Vehumet
  1628 | D:3      | Reached XP level 4. HP: 24/24 MP: 10/12
  1656 | D:3      | Learned a level 4 spell: Iskenderun's Mystic Blast
  2069 | D:4      | Reached skill level 6 in Conjurations
  2175 | D:4      | Reached XP level 5. HP: 28/28 MP: 9/14
  2183 | D:4      | Reached skill level 5 in Spellcasting
  2190 | D:4      | Learned a level 5 spell: Iskenderun's Battlesphere
  2357 | D:4      | Found a blossoming altar of Fedhas.
  2378 | D:4      | Reached skill level 1 in Charms
  2395 | D:4      | Slain by a scorpion

Skill      XL: |  1  2  3  4  5 |
---------------+----------------+-----
Conjurations   | 5 6 |  6.6
Spellcasting   | 4 5 |  5.2
Charms         | 1 |  1.1
Dodging        | |  2.4
Stealth        | |  2.4

Action                   |  1- 3 |  4- 6 || total
-------------------------+-------+-------++-------
Melee: Unarmed           |     3 |       ||     3
       Dagger            |       |     5 ||     5
 Cast: Magic Dart        |    74 |    64 ||   138
  Eat: Chunk             |     1 |     3 ||     4
Armor: Robe              |     1 |     4 ||     5
Dodge: Dodged            |     2 |    14 ||    16
